 Dungeon Crawl Stone Soup version 0.30-a0-847-g17996783a1 (webtiles) character file.

Game seed: 13256877774962237878

28736 oldriver the Earth Mage (level 14, -6/124 HPs)
             Began as a Meteoran Earth Elementalist on Mar 3, 2023.
             Was an Elder of Vehumet.
             Mangled by Louise
             ... wielding a +1 heavy eveningstar
              (8 damage)
             ... on level 1 of the Shoals.
             The game lasted 00:45:09 (7560 turns).

oldriver the Earth Mage (MeEE)                      Turns: 7560, Time: 00:45:10

Health: -6/124     AC: 21    Str:  9    XL:     14   Next: 11%
Magic:  1/33       EV: 13    Int: 24    God:    Vehumet [****..]
Gold:   636        SH:  5    Dex: 16    Spells: 16/41 levels left

rFire   . . .      SeeInvis .    m - +3 dagger of Disgust {heavy, Will++}
rCold   . . .      Faith    .    q - +0 buckler
rNeg    . . .      Spirit   .    D - +5 leather armour "Atuune" {Fly Int+2}
rPois   .          Reflect  .    (no helmet)
rElec   .          Rampage  .    w - +2 cloak
rCorr   +                        F - +2 pair of gloves
Will    +++..                    o - +2 pair of boots
Stlth   +                        (no amulet)
HPRegen 0.40/turn                a - +4 ring of protection
MPRegen 0.23/turn                A - ring of resist corrosion

@: flying, mesmerised, glowing
A: sense surroundings 2, otherworldly, glowing, explore regen
a: Renounce Religion


You were on level 1 of the Shoals.
You worshipped Vehumet.
Vehumet was greatly pleased with you.
You visited 3 branches of the dungeon, and saw 16 of its levels.

You collected 1006 gold pieces.
You spent 370 gold pieces at shops.

Inventory:

Hand Weapons
 m - the +3 dagger of Disgust (weapon) {heavy, Will++}
   (You found it on level 2 of the Dungeon)

   Will:      It greatly increases your willpower.
 s - a +4 flail of venom
Missiles
 g - 47 poisoned darts
 z - 5 curare-tipped darts
 J - 2 atropa-tipped darts
Armour
 b - the +1 ring mail of Hangman {rF+}
   (You found it on level 2 of the Lair of Beasts)

   rF:        It protects you from fire.
 o - a +2 pair of boots (worn)
 q - a +0 buckler (worn)
 w - a +2 cloak (worn)
 D - the +5 leather armour "Atuune" (worn) {Fly Int+2}
   (You bought it in a shop on level 7 of the Dungeon)

   Int:       It affects your intelligence (+2).
   Fly:       It grants you flight.
 F - a +2 pair of gloves (worn)
Jewellery
 a - a +4 ring of protection (left hand)
 y - a ring of willpower
 A - a ring of resist corrosion (right hand)
 B - a ring of ice
 L - a ring of see invisible
Wands
 h - a wand of flame (20)
 u - a wand of roots (16)
Scrolls
 c - 2 scrolls of amnesia
 f - 6 scrolls of teleportation
 i - 2 scrolls of butterflies
 n - 4 scrolls of fog
 t - 4 scrolls of poison
 C - 3 scrolls of immolation
 G - 2 scrolls of magic mapping
 I - 2 scrolls of identify
Potions
 d - 4 potions of curing
 e - 2 potions of haste
 j - 2 potions of mutation
 k - 3 potions of lignification
 l - 3 potions of degeneration
 p - 2 potions of heal wounds
 r - 2 potions of ambrosia
 v - 3 potions of might
 x - 2 potions of cancellation
 E - 2 potions of flight
 H - a potion of berserk rage
 K - 2 potions of attraction {unknown}


   Skills:
 + Level 11.6 Fighting
 - Level 1.0 Armour
 - Level 5.0 Dodging
 - Level 1.4 Stealth
 - Level 3.0 Shields
 + Level 14.4 Spellcasting
 - Level 7.0 Conjurations
 + Level 3.3 Hexes
 - Level 5.0 Translocations
 - Level 5.0 Transmutations
 - Level 15.0 Earth Magic


You had 16 spell levels left.
You knew the following spells:

 Your Spells              Type           Power      Damage    Failure   Level
a - Sandblast             Erth           100%       2d20      0%          1
b - Passwall              Tmut/Erth      50%        N/A       1%          2
c - Stone Arrow           Conj/Erth      100%       3d13      1%          3
d - Blink                 Tloc           82%        N/A       1%          2
l - Lee's Rapid Deconstr  Erth           36%        3d18*     1%          5
m - Iskenderun's Mystic   Conj/Tloc      46%        2d10      1%          4
p - Fulminant Prism       Conj/Hex       21%        3d12      2%          4
y - Petrify               Tmut/Erth      60%        N/A       1%          4

Your spell library contained the following spells:

 Spells                   Type           Power      Damage    Failure   Level
 Ignite Poison            Fire/Tmut/Pois 25%        N/A       2%          3
 Apportation              Tloc           82%        N/A       1%          1
 Freeze                   Ice            68%        1d8       1%          1
 Kiss of Death            Conj/Necr      100%       2d13      1%          1
 Slow                     Hex            100%       N/A       1%          1
 Lesser Beckoning         Tloc           82%        N/A       1%          2
 Momentum Strike          Conj/Tloc      92%        3d10      1%          2
 Hailstorm                Conj/Ice       34%        3d9       1%          3
 Leda's Liquefaction      Hex/Erth       28%        N/A       1%          4
 Kindle Blastsparks       Fire/Tloc/Air  50%        2d14      2%          3
 Portal Projectile        Hex/Tloc       74%        N/A       3%          3
 Ensorcelled Hibernation  Hex/Ice        50%        N/A       4%          2
 Confusing Touch          Hex            33%        N/A       4%          3
 Frozen Ramparts          Ice            34%        1d6       5%          3
 Call Canine Familiar     Summ           17%        N/A       19%         3
 Swiftness                Air            17%        N/A       19%         3
 Vampiric Draining        Necr           17%        2d7       19%         3
 Dispel Undead            Necr           17%        3d10      52%         4
 Alistair's Intoxication  Tmut/Pois      19%        N/A       52%         5
 Malign Gateway           Summ/Tloc      14%        N/A       100%        7
 Summon Horrible Things   Summ           8%         N/A       100%        8


Dungeon Overview and Level Annotations

Branches:
Dungeon (10/15) Zot: 749   Temple (0/1) D:5            Lair (5/5) D:10 Zot: 607
 Shoals (1/4) Lair:2 Zot: 491   Snake (0/4) Lair:3
  Slime: Lair:4-5       Orc: D:9-12

Altars:
Ashenzari
Dithmenos
Elyvilon
Hepliaklqana
Makhleb
Okawaru
Ru
Sif Muna
Vehumet
Xom
Zin

Shops:
D:2 [   D:7 [[

Portals:
Ice
Cave: Lair:1
Volcano: Lair:1

Annotations:
Lair:2 1 runed translucent door, Pooter's ghost, journeyman MiBe
Lair:4 2 transporters, Rudyous's ghost, journeyman MiFi
Shoals:1 Louise


Innate Abilities, Weirdness & Mutations

You passively map the area around you.
You are easily found by Zot.
You glow in the dark.
You regain HP and MP as you explore.


Message History

Louise is severely wounded.
The merfolk avatar chants its luring song.
Louise hits you with a +1 heavy eveningstar.
You barely miss Louise.
Louise is severely wounded.
The water nymph misses you.
The merfolk avatar chants its luring song.
Louise hits you with a +1 heavy eveningstar!
The water nymph points at you and mumbles some strange words.
The water rises up and strikes you!!!
* * * LOW HITPOINT WARNING * * *
Louise blocks your attack.
Louise is severely wounded.
The merfolk avatar chants its luring song.
The water nymph touches you. The water nymph drowns you!
* * * LOW HITPOINT WARNING * * *
Louise barely misses you.
The merfolk avatar chants its luring song.
Casting: Stone Arrow (safe; 1% risk of failure)
Confirm with . or Enter, or press ? or * to list all spells.
Aiming: Stone Arrow (safe; 1% risk of failure)
Press: ? - help, Shift-Dir - straight line, f/p - Louise
Aim: Louise, wielding a +1 heavy eveningstar, wearing a +1 chain mail of willpower and wearing a +2 tower shield (severely wounded, 89% to hit)
The stone arrow hits Louise!!
Louise is almost dead.
The water nymph casts a spell at you. The water rises up and strikes you!
* * * LOW HITPOINT WARNING * * *
The merfolk avatar chants its luring song.
Casting: Stone Arrow (safe; 1% risk of failure)
Confirm with . or Enter, or press ? or * to list all spells.
You don't have enough magic to cast this spell.
Unknown command.
Casting: Stone Arrow (safe; 1% risk of failure)
Confirm with . or Enter, or press ? or * to list all spells.
You don't have enough magic to cast this spell.
You hit Louise but do no damage.
Louise is almost dead.
Louise hits you with a +1 heavy eveningstar!
You die...

~ ≈≈≈≈~~...###
#...........
≈≈≈≈~~..### ** * * ,
* ~ ≈≈≈~~..(..# * *
* ~ ≈≈≈~~~....# #. *
~ ~ ~~
≈≈≈~~~...##*####...
* ~ ~ ≈≈≈≈~~...#
......~ , , ~
≈≈≈≈~~...##,......~
≈≈≈≈~~....##@~.~~~~~
~ ~
≈≈≈≈~~.....@m~.~~~~
~ ~
≈≈≈≈~~~~..##~~~m..~~
~ ~ ≈≈≈~~~~~~..
......~ ~~ ~
≈≈~~~~~~.........~.
, , , ~~
~≈≈≈~~~~.....~~....#
* ~
≈≈≈≈~~......~~.....*
, ≈≈≈~~......~~....#
* ~
~≈≈~~..~~~.......# ~
~ ~ ~~ ~ , ,, ,


You could see Louise, a merfolk avatar (mesmerising) and a water nymph.

Vanquished Creatures
  2 hydras
  Erolcha (D:9)
  A catoblepas (Lair:4)
  A skyshark (Lair:2)
  2 death yaks
  A fire crab (D:10)
  Amaemon (Lair:2)
  A sea snake (Shoals:1)
  2 oklob plants
  A merfolk siren (Lair:2)
  2 black mambas (Lair:4)
  13 elephants
  An orange demon (Lair:2)
  8 cane toads
  Maggie (Lair:2)
  An unseen horror (D:10)
  5 komodo dragons
  2 rime drakes (Lair:1)
  2 hornets
  2 polar bears
  Grinder (D:3)
  5 blink frogs (Lair:4)
  A snapping turtle (Shoals:1)
  Prince Ribbit (D:8)
  A shadow (D:9)
  3 wyverns
  2 basilisks
  15 yaks
  5 steam dragons
  3 vampire mosquitoes (D:10)
  A death yak simulacrum (Lair:5)
  2 nagas (Lair:3)
  Edmund (D:4)
  4 orc warriors
  7 water moccasins
  An ice beast (D:6)
  2 sky beasts
  12 wolves
  4 centaurs
  A phantom (D:7)
  5 kobold brigands
  6 bullfrogs
  2 scorpions
  5 wights (D:8)
  3 howler monkeys (D:9)
  3 electric eels
  6 orc priests
  2 jellies
  5 hounds
  Jessica (D:3)
  Ijyb (D:3)
  5 iguanas
  2 sleepcaps
  Natasha (D:3)
  10 orc wizards
  A gnoll (D:3)
  14 adders
  A shadow imp (D:6)
  2 worms
  A dart slug (D:1)
  25 orcs
  7 endoplasms
  2 giant cockroaches
  6 hobgoblins
  2 jackals (D:2)
  32 kobolds
  6 quokkas
  3 ball pythons
  5 bats
  3 frilled lizards
  3 goblins
  5 rats
297 creatures vanquished.

Vanquished Creatures (others)
  9 fulminant prisms (Lair:5)
  13 fungi
  23 plants
  5 withered plants (Lair:5)
50 creatures vanquished.

Grand Total: 347 creatures vanquished

Notes
Turn   | Place    | Note
-------+----------+-------------------------------------------
     0 | D:1      | oldriver the Meteoran Earth Elementalist began the quest
                  | for the Orb.
     0 | D:1      | Reached XP level 1. HP: 14/14 MP: 5/5
    76 | D:1      | Reached XP level 2. HP: 20/20 MP: 4/6
    88 | D:1      | Reached skill level 4 in Earth Magic
   341 | D:1      | Learned a level 2 spell: Passwall
   414 | D:1      | Reached XP level 3. HP: 26/26 MP: 4/8
   449 | D:2      | Found Uvukhlenya's Antique Armour Emporium.
   562 | D:2      | Reached XP level 4. HP: 33/33 MP: 5/10
   575 | D:2      | Reached skill level 5 in Earth Magic
   594 | D:2      | Identified the +3 dagger of Disgust {heavy, Will++}
   801 | D:2      | Bought a pair of boots for 81 gold pieces
   843 | D:3      | Learned a level 3 spell: Stone Arrow
   859 | D:3      | Noticed Jessica
   866 | D:3      | Reached XP level 5. HP: 38/38 MP: 9/11
   879 | D:3      | Killed Jessica
   889 | D:3      | Noticed Grinder
   898 | D:3      | Killed Grinder
   899 | D:3      | Reached skill level 6 in Earth Magic
   899 | D:3      | Reached XP level 6. HP: 17/45 MP: 0/14
  1021 | D:3      | Noticed Natasha
  1022 | D:3      | Noticed Ijyb
  1058 | D:4      | Noticed Edmund
  1066 | D:4      | Killed Edmund
  1067 | D:4      | Reached skill level 5 in Spellcasting
  1067 | D:4      | Reached skill level 7 in Earth Magic
  1067 | D:4      | Reached XP level 7. HP: 51/51 MP: 8/15
  1103 | D:4      | Reached skill level 1 in Shields
  1136 | D:4      | Reached skill level 1 in Armour
  1160 | D:4      | Reached skill level 1 in Fighting
  1345 | D:3      | Killed Ijyb
  1374 | D:3      | Reached XP level 8. HP: 16/59 MP: 10/16
  1439 | D:3      | Killed Natasha
  1787 | D:4      | Reached skill level 8 in Earth Magic
  1826 | D:5      | Entered Level 5 of the Dungeon
  2048 | D:5      | Found a shimmering blue altar of Sif Muna.
  2049 | D:5      | Found a glowing silver altar of Zin.
  2049 | D:5      | Found a radiant altar of Vehumet.
  2050 | D:5      | Found a shimmering altar of Xom.
  2058 | D:5      | Became a worshipper of Vehumet
  2214 | D:5      | Found a white marble altar of Elyvilon.
  2267 | D:5      | Found a staircase to the Ecumenical Temple.
  2607 | D:6      | Gained mutation: You passively map the area around you.
                  | [Meteoran growth]
  2607 | D:6      | Reached XP level 9. HP: 66/69 MP: 8/19
  2657 | D:6      | Reached skill level 9 in Earth Magic
  2876 | D:6      | Found an iron altar of Okawaru.
  3070 | D:7      | Reached * piety under Vehumet
  3070 | D:7      | Offered knowledge of Shock by Vehumet.
  3128 | D:7      | Reached skill level 5 in Conjurations
  3128 | D:7      | Reached skill level 10 in Earth Magic
  3198 | D:7      | Found Luam's Antique Armour Emporium.
  3201 | D:7      | Bought a pair of gloves for 135 gold pieces
  3437 | D:7      | Found Xelankoc's Antique Armour Boutique.
  3622 | D:8      | Noticed Prince Ribbit
  3628 | D:8      | Killed Prince Ribbit
  3629 | D:8      | Reached XP level 10. HP: 77/77 MP: 10/22
  3646 | D:8      | Found a hazy altar of Hepliaklqana.
  3666 | D:8      | Learned a level 5 spell: Lee's Rapid Deconstruction
  3671 | D:8      | Learned a level 4 spell: Petrify
  3811 | D:8      | Reached skill level 11 in Earth Magic
  4093 | D:7      | Bought an amethyst-encrusted leather armour for 154 gold
                  | pieces
  4093 | D:7      | Identified the +5 leather armour "Atuune" {Fly Int+2} (You
                  | bought it in a shop on level 7 of the Dungeon)
  4262 | D:9      | Noticed Erolcha
  4269 | D:9      | Killed Erolcha
  4269 | D:9      | Reached ** piety under Vehumet
  4270 | D:9      | Reached skill level 5 in Dodging
  4277 | D:9      | Offered knowledge of Scorch by Vehumet.
  4283 | D:9      | Reached skill level 5 in Fighting
  4300 | D:8      | Reached skill level 5 in Transmutations
  4340 | D:9      | Reached XP level 11. HP: 81/86 MP: 9/25
  4346 | D:9      | Learned a level 4 spell: Iskenderun's Mystic Blast
  4353 | D:9      | Found a broken altar of Ashenzari.
  4442 | D:9      | Reached skill level 1 in Translocations
  4521 | D:9      | Found a burning altar of Makhleb.
  4652 | D:10     | Entered Level 10 of the Dungeon
  4812 | D:10     | Found a sacrificial altar of Ru.
  4835 | D:10     | Noticed a fire crab
  4867 | D:10     | Killed a fire crab
  4939 | D:10     | Reached skill level 10 in Spellcasting
  4945 | D:10     | Reached skill level 5 in Translocations
  5024 | D:10     | Found a staircase to the Lair.
  5121 | D:10     | Found a shadowy altar of Dithmenos.
  5134 | Lair:1   | Entered Level 1 of the Lair of Beasts
  5144 | Lair:1   | Offered knowledge of Mephitic Cloud by Vehumet.
  5160 | Lair:1   | Learned a level 2 spell: Blink
  5254 | Lair:2   | Noticed Maggie
  5260 | Lair:2   | Killed Maggie
  5291 | Lair:2   | Reached *** piety under Vehumet
  5315 | Lair:2   | Reached XP level 12. HP: 52/100 MP: 5/28
  5336 | Lair:2   | Noticed Amaemon
  5342 | Lair:2   | Killed Amaemon
  5343 | Lair:2   | Reached skill level 12 in Earth Magic
  5377 | Lair:2   | Noticed a skyshark
  5385 | Lair:2   | Killed a skyshark
  5391 | Lair:2   | Found a runed translucent door.
  5394 | Lair:2   | Noticed Pooter's ghost (journeyman MiBe)
  5394 | Lair:2   | Noticed a skyshark
  5419 | Lair:2   | Offered knowledge of Airstrike by Vehumet.
  5502 | Lair:2   | Noticed a six-headed hydra
  5508 | Lair:2   | Killed a six-headed hydra
  5531 | Lair:1   | Found a dark tunnel.
  5622 | Lair:2   | Reached skill level 13 in Earth Magic
  5651 | Lair:2   | Identified the +1 ring mail of Hangman {rF+}
  5714 | Lair:1   | Found a frozen archway.
  5736 | Lair:2   | Found a staircase to the Shoals.
  5935 | Lair:3   | Noticed a five-headed hydra
  5946 | Lair:3   | Killed a five-headed hydra
  5947 | Lair:3   | Reached XP level 13. HP: 74/111 MP: 1/30
  6046 | Lair:3   | Reached **** piety under Vehumet
  6218 | Lair:3   | Offered knowledge of Ignite Poison by Vehumet.
  6219 | Lair:3   | Reached skill level 10 in Fighting
  6340 | Lair:4   | Found a transporter.
  6344 | Lair:4   | Found the +4 skin of Zhor {*Englaciate rC+++ SInv}
  6345 | Lair:4   | Noticed a death yak
  6352 | Lair:4   | Killed a death yak
  6353 | Lair:4   | Reached skill level 14 in Earth Magic
  6353 | Lair:4   | Noticed a death yak
  6353 | Lair:4   | Noticed a death yak
  6353 | Lair:4   | Noticed a death yak
  6354 | Lair:4   | Noticed a death yak
  6354 | Lair:4   | Noticed a death yak
  6367 | Lair:3   | Killed a death yak
  6444 | Lair:3   | Found a staircase to the Snake Pit.
  6606 | Lair:4   | Noticed a catoblepas
  6606 | Lair:4   | Noticed a catoblepas
  6616 | Lair:4   | Killed a catoblepas
  6856 | Lair:4   | Learned a level 4 spell: Fulminant Prism
  6881 | Lair:4   | Reached skill level 1 in Hexes
  7015 | Lair:5   | Entered Level 5 of the Lair of Beasts
  7151 | Lair:4   | Noticed Rudyous's ghost (journeyman MiFi)
  7159 | Lair:4   | Found a transporter.
  7219 | Lair:5   | Noticed a death yak
  7245 | Lair:5   | Identified the +4 glaive of Cataclysm {flame, *Noise rN+
                  | Int+3}
  7259 | Lair:5   | Reached XP level 14. HP: 109/124 MP: 6/33
  7289 | Lair:5   | Noticed a dire elephant
  7289 | Lair:5   | Noticed a dire elephant
  7289 | Lair:5   | Noticed a dire elephant
  7292 | Lair:5   | Noticed a dire elephant
  7341 | Lair:5   | Reached skill level 15 in Earth Magic
  7342 | Lair:5   | Noticed a dire elephant
  7455 | Shoals:1 | Entered Level 1 of the Shoals
  7543 | Shoals:1 | Noticed Louise
  7559 | Shoals:1 | HP: 2/124 [water nymph/the raging water (16)]
  7560 | Shoals:1 | Mangled by Louise

Illustrated notes

Levels and vault maps discovered:
D:1:      minmay_arrival_wavy_path, layout_loops_ring, serial_rivers,
          chequers_serial_rivers_large_a, chequers_serial_rivers_room_b,
          chequers_serial_rivers_marsh, chequers_serial_rivers_micro_d,
          chequers_serial_rivers_micro_a
D:2:      layout_rooms, serial_shops, shop, minmay_pentomino_z2
D:3:      layout_loops_cross, minivault_4, cheibrodos_gnoll_hut, uniq_natasha,
          uniq_jessica, uniq_grinder, uniq_ijyb
D:4:      layout_loops_ring, kennysheep_nub, uniq_edmund
D:5:      layout_layer_cave, kennysheep_little_box,
          chequers_temple_overflow_statue_of_worship, minmay_temple_entry_glass
D:6:      layout_layer_cave, okawaru_gym_becter, st_stairs_11
D:7:      wad_lake_hut, layout_cave_pods, serial_shops, shop,
          kennysheep_mini_moat, serial_rivers, chequers_serial_rivers_large_b,
          chequers_serial_rivers_micro_a, chequers_serial_rivers_micro_e,
          chequers_serial_rivers_marsh
D:8:      layout_gridville, pf_just_have_faith, uniq_prince_ribbit1
D:9:      layout_rooms, bloody_makhleb, nicolae_ashenzari_skybound, uniq_erolcha
D:10:     layout_roguey, nicolae_dithmenos_through_a_glass_darkly,
          amcnicky_altar_gilded, minmay_lair_entry_lava
Lair:1:   beast_lair_carwin_large_1, layout_misc_corridors,
          portal_ice_cave_rime, nicolae_volcano_entry_two_sided
Lair:2:   statuecave_lemuel, layout_chaotic_city,
          minmay_shoals_entry_lonely_mermaid, ebering_ghost_inner_flame,
          uniq_amaemon, uniq_maggie
Lair:3:   layout_loops_ring, guppyfry_snake_entry_garden,
          small_statue_intersection, chequers_serial_rivers_micro_d,
          nicolae_quartered_pool_super, chequers_serial_rivers_small_a,
          minmay_lair_oklob_bushes, serial_bayou_lagoon_a, patterned_corridor
Lair:4:   nzn_motion_control, layout_small_grid, nzn_ghost_randoct,
          hellmonk_guarded_unrand_zhor
Lair:5:   due_jungle_book, layout_cave_shapes, dpeg_slime_entry_corner,
          minmay_lair_oklob_items, serial_bayou_shore_b, uniq_urug
Shoals:1: layout_shoals, uniq_louise

Skill      XL: |  1  2  3  4  5  6  7  8  9 10 11 12 13 14 |
---------------+-------------------------------------------+-----
Earth Magic    | 4 5 6 7 8 10 11 13 14 15 | 15.0
Spellcasting   | 3 4 5 6 7 9 11 12 14 | 14.4
Conjurations   | 2 3 5 7 |  7.0
Shields        | 1 2 3 |  3.0
Armour         | 1 |  1.0
Fighting       | 1 3 5 7 9 11 | 11.6
Dodging        | 3 5 |  5.0
Transmutations | 2 5 |  5.0
Translocations | 5 |  5.0
Hexes          | 2 3 |  3.3
Stealth        | |  1.4

Action                     |  1- 3 |  4- 6 |  7- 9 | 10-12 | 13-15 || total
---------------------------+-------+-------+-------+-------+-------++-------
  Melee: Whip              |     1 |       |       |       |       ||     1
         Dagger            |       |     2 |    45 |    74 |    66 ||   187
  Throw: Dart              |       |     6 |       |       |       ||     6
   Cast: Sandblast         |    31 |    36 |    26 |    31 |     8 ||   132
         Passwall          |     5 |       |    25 |    18 |    12 ||    60
         Stone Arrow       |       |     5 |   111 |   201 |   154 ||   471
         Iskenderun's Myst |       |       |       |     4 |     4 ||     8
         Lee's Rapid Decon |       |       |       |       |    12 ||    12
         Fulminant Prism   |       |       |       |       |     9 ||     9
         Petrify           |       |       |       |       |     3 ||     3
  Evoke: Wand              |       |       |       |     4 |     2 ||     6
    Use: Scroll            |       |     1 |    16 |    11 |     5 ||    33
         Potion            |       |       |       |     3 |     1 ||     4
 Armour: Robe              |     2 |     3 |    55 |     8 |       ||    68
         Leather armour    |       |       |       |   146 |   135 ||   281
  Dodge: Dodged            |     7 |     4 |    53 |   172 |   120 ||   356
  Block: Buckler           |       |     3 |    29 |    63 |    65 ||   160

Table legend: (Time is in decaauts)
 A = Elapsed time spent in this place.
 B = Non-inter-level travel time spent in this place.
 C = Inter-level travel time spent in this place.
 D = Time resting spent in this place.
 E = Time spent auto-exploring this place.
 F = Levels seen in this place.
 G = Mean time per level.
                   A        B        C        D        E       F      G
               +--------+--------+--------+--------+--------+-----+--------+
         Total |   7750 |   7025 |    725 |    214 |      0 |  16 |  484.4 |
       Dungeon |   5250 |   4626 |    624 |     69 |      0 |  10 |  525.0 |
          Lair |   2392 |   2292 |    100 |    145 |      0 |   5 |  478.4 |
        Shoals |    107 |    107 |      0 |      0 |      0 |   1 |  107.0 |
               +--------+--------+--------+--------+--------+-----+--------+

Top non-repeatable levels by time:
  Lair:3: 826 daAuts
     D:7: 728 daAuts
  Lair:2: 686 daAuts
     D:8: 646 daAuts
     D:6: 553 daAuts
     D:5: 544 daAuts
     D:4: 532 daAuts
    D:10: 491 daAuts
     D:3: 486 daAuts
  Lair:4: 468 daAuts
     D:1: 465 daAuts
     D:9: 405 daAuts
     D:2: 397 daAuts
  Lair:5: 276 daAuts
  Lair:1: 134 daAuts
